 Dungeon Crawl Stone Soup version 0.30-a0-691-g754fce4c43 (webtiles) character file.

Game seed: 11986467329974201198

94 Darius099 the Ruffian (level 4, 0/45 HPs)
             Began as a Troll Berserker on Jan 20, 2023.
             Was a Believer of Trog.
             Slain by Grinder (7 damage)
             ... while paralysed by Grinder
             ... on level 3 of the Dungeon.
             The game lasted 00:01:40 (1446 turns).

Darius099 the Ruffian (Troll Berserker)             Turns: 1446, Time: 00:01:41

Health: 0/45       AC:  4    Str: 25    XL:     4   Next: 38%
Magic:  3/3        EV:  1    Int:  3    God:    Trog [**....]
Gold:   103        SH:  0    Dex: 11    Spells: 3/3 levels left

rFire   . . .      SeeInvis .      - Unarmed
rCold   . . .      Faith    .    (no shield)
rNeg    . . .      Spirit   .    a - +0 animal skin
rPois   .          Reflect  .    (helmet restricted)
rElec   .          Harm     .    (no cloak)
rCorr   .          Rampage  .    (gloves unavailable)
Will    .....                    (boots unavailable)
Stlth   +                        (no amulet)
HPRegen 1.07/turn                (no ring)
MPRegen 0.08/turn                (no ring)

@: paralysed
A: large, unfitting armour, claws 3, regeneration 1, shaggy fur 1, tough skin 1
a: Renounce Religion, Berserk, Trog's Hand


You were on level 3 of the Dungeon.
You worshipped Trog.
Trog was pleased with you.
You visited 1 branch of the dungeon, and saw 3 of its levels.

You collected 103 gold pieces.

Inventory:

Armour
 a - a +0 animal skin (worn)
Jewellery
 j - a ring of fire
 m - a ring of poison resistance
Scrolls
 c - a scroll of teleportation {unknown}
 d - a scroll of immolation {unknown}
 e - a scroll of vulnerability {unknown}
 f - a scroll of amnesia {unknown}
 h - a scroll of poison {unknown}
 k - 2 scrolls of identify {unknown}
 n - a scroll of enchant weapon {unknown}
 o - a scroll of blinking {unknown}
 q - a scroll of enchant armour {unknown}
Potions
 b - 4 potions of cancellation {unknown}
 g - 3 potions of curing {unknown}
 i - a potion of heal wounds {unknown}
 l - a potion of degeneration {unknown}
 p - a potion of mutation {unknown}


   Skills:
 + Level 3.1 Fighting
 + Level 3.2 Dodging
 + Level 3.9 Unarmed Combat


You had 3 spell levels left.
You didn't know any spells.
Your spell library was empty.

Dungeon Overview and Level Annotations

Branches:
Dungeon (3/15)

Altars:

Shops:
D:1 [

Annotations:
D:3 Grinder, Terence


Innate Abilities, Weirdness & Mutations

You are too large for most types of armour.
You have claws for hands.
Your natural rate of healing is unusually fast.
You are covered in fur. (AC +1)
You have tough skin. (AC +1)


Message History

Unknown command.
There are monsters nearby!
Unknown command.
There are monsters nearby!
Unknown command.
There are monsters nearby!
Unknown command.
Unknown command.
Unknown command.
Unknown command.
Unknown command.
You claw Grinder!
Grinder is severely wounded.
The quokka bites you but does no damage.
Grinder completely misses you.
You scratch Grinder.
Grinder is severely wounded.
The quokka barely misses you.
You scratch Grinder but do no damage.
Grinder is severely wounded.
The quokka closely misses you.
Terence the Incautious comes into view.
He is wielding a +0 trident and carrying a wand of flame (16).
Grinder gestures at you. Pain shoots through your body!
* * * LOW HITPOINT WARNING * * *
You barely miss Grinder.
Grinder is severely wounded.
Terence shouts!
The quokka bites you but does no damage.
Grinder gestures at you.
You suddenly lose the ability to move!
The quokka bites you.
* * * LOW HITPOINT WARNING * * *
Grinder gestures at you. You resist with significant effort.
The quokka bites you but does no damage.
Grinder hits you.
* * * LOW HITPOINT WARNING * * *
The quokka bites you but does no damage.
Grinder hits you!
You die...

#.. ##..# #....
#?###...######.#.##
###..#.............#
.........##..###
.........##.##
.......|..?.####
.........#.?....
......../.......
........@#......
.......r5#......
....(..#g. .....
.......#@.......
....##.#.#......
##.. ........ . ## #
.#..... . . .###


You could see Grinder, Terence, a quokka and a goblin.

Vanquished Creatures
  5 adders
  A worm (D:2)
  2 dart slugs (D:1)
  3 orcs (D:2)
  2 giant cockroaches
  3 goblins
  5 hobgoblins
  6 kobolds
  A quokka (D:1)
  6 ball pythons
  4 bats
  2 frilled lizards
  2 rats
42 creatures vanquished.

Vanquished Creatures (others)
  A kobold (D:1)
1 creature vanquished.

Grand Total: 43 creatures vanquished

Notes
Turn   | Place    | Note
-------+----------+-------------------------------------------
     0 | D:1      | Darius099 the Troll Berserker began the quest for the Orb.
     0 | D:1      | Reached XP level 1. HP: 22/22 MP: 0/0
    79 | D:1      | Found Illuf's Armour Shop.
   160 | D:1      | Reached XP level 2. HP: 29/29 MP: 1/1
   708 | D:2      | Reached XP level 3. HP: 36/36 MP: 2/2
   726 | D:2      | Reached ** piety under Trog
   894 | D:2      | Reached XP level 4. HP: 45/45 MP: 3/3
  1428 | D:3      | Noticed Grinder
  1442 | D:3      | Noticed Terence
  1443 | D:3      | Paralysed by Grinder for 4 turns
  1446 | D:3      | Slain by Grinder

Illustrated notes

Levels and vault maps discovered:
D:1:      heliophobic_arrival_enchanted_forest, layout_loops_ring, serial_shops,
          shop, serial_aquarium, aquarium_bridge_straight
          [aquarium_subvault_bridge, aquarium_subvault_balcony,
          aquarium_subvault_bridge, aquarium_subvault_window],
          aquarium_window_1, aquarium_window_2, aquarium_window_1,
          aquarium_view_2c, aquarium_pool_2, minmay_pentomino_t2
D:2:      layout_basic
D:3:      layout_rooms, general_overflow_altar, uniq_terence, uniq_grinder

Skill      XL: |  1  2  3 |
---------------+----------+-----
Dodging        | 3 |  3.2
Fighting       | 3 |  3.1
Unarmed Combat | |  3.9

Action                   |  1- 3 |  4- 6 || total
-------------------------+-------+-------++-------
Melee: Unarmed           |    77 |    35 ||   112
       Punch             |     1 |       ||     1
 Stab: Sleeping          |     1 |       ||     1
Armor: Animal skin       |    28 |    14 ||    42
Dodge: Dodged            |    33 |    14 ||    47

Table legend: (Time is in decaauts)
 A = Elapsed time spent in this place.
 B = Non-inter-level travel time spent in this place.
 C = Inter-level travel time spent in this place.
 D = Time resting spent in this place.
 E = Time spent auto-exploring this place.
 F = Levels seen in this place.
 G = Mean time per level.
                   A        B        C        D        E       F      G
               +--------+--------+--------+--------+--------+-----+--------+
         Total |   1438 |   1360 |     78 |      0 |   1047 |   3 |  479.3 |
       Dungeon |   1438 |   1360 |     78 |      0 |   1047 |   3 |  479.3 |
               +--------+--------+--------+--------+--------+-----+--------+

Top non-repeatable levels by time:
     D:2: 688 daAuts
     D:1: 681 daAuts
     D:3: 68 daAuts
